 Dungeon Crawl Stone Soup version 0.16-a0-3246-g12054e0 (webtiles) character file.

178 Ololoev the Charlatan (level 5, 0/37 HPs)
             Began as a Merfolk Artificer on Dec 22, 2014.
             Slain by a raven (2 damage)
             ... on level 3 of the Dungeon.
             The game lasted 00:06:21 (2958 turns).

Ololoev the Charlatan (Merfolk Artificer)           Turns: 2958, Time: 00:06:21

Health: 0/37       AC: 14    Str: 12    XL:     5   Next: 58%
Magic:  10/10      EV:  3    Int: 12    God:
Gold:   109        SH:  0    Dex: 14    Spells: 0 memorised, 4 levels left

rFire  . . .     SeeInvis .     a - +0 short sword
rCold  . . .     Clarity  .     s - +0 plate armour
rNeg   . . .     SustAb   .     (no shield)
rPois  .         Gourm    .     o - +0 helmet
rElec  .         Spirit   .     (no cloak)
rCorr  .         Warding  .     (no gloves)
rMut   .         Stasis   .     t - +2 pair of boots
MR     .....                    (no amulet)
Stlth  ..........               (no ring)
                                (no ring)

@: not resistant to hostile enchantments, extremely unstealthy
A: change form in water, swift swim
a: no special abilities


You were on level 3 of the Dungeon.
You were not hungry.

You visited 1 branch of the dungeon, and saw 3 of its levels.

You collected 109 gold pieces.

Notes
Turn   | Place    | Note
--------------------------------------------------------------
     0 | D:1      | Ololoev, the Merfolk Artificer, began the quest for the Orb.
     0 | D:1      | Reached XP level 1. HP: 15/15 MP: 1/1
   284 | D:1      | Reached XP level 2. HP: 21/21 MP: 3/3
   510 | D:1      | Reached skill level 4 in Evocations
   627 | D:2      | Noticed Robin
   639 | D:2      | Killed Robin
   639 | D:2      | Reached XP level 3. HP: 12/26 MP: 5/5
  1258 | D:2      | Reached skill level 5 in Evocations
  1265 | D:2      | Found a radiant altar of Vehumet.
  1321 | D:2      | Reached XP level 4. HP: 30/32 MP: 7/7
  2009 | D:2      | Noticed a spider
  2009 | D:2      | a worm changed into a spider
  2622 | D:3      | Reached XP level 5. HP: 25/37 MP: 9/9
  2824 | D:3      | Noticed an ogre
  2839 | D:3      | Killed an ogre
  2839 | D:3      | Reached skill level 1 in Armour
  2912 | D:3      | Reached skill level 6 in Evocations
  2941 | D:3      | Noticed a water moccasin
  2941 | D:3      | a worm changed into a water moccasin
  2955 | D:3      | Noticed a raven
  2955 | D:3      | a water moccasin changed into a raven
  2958 | D:3      | Slain by a raven

Inventory:

Hand weapons
 a - a +0 short sword (weapon)
Armour
 o - a +0 helmet (worn)
 s - a +0 plate armour (worn)
 t - a +2 pair of boots (worn)
Magical devices
 b - a wand of flame (3)
 c - a wand of enslavement (11)
 d - a wand of random effects (0)
 n - a wand of random effects (22)
Scrolls
 h - 2 scrolls of immolation {unknown}
 j - 7 scrolls of identify {unknown}
 k - a scroll of enchant weapon {unknown}
 l - a scroll of amnesia {unknown}
 p - a scroll of fog {unknown}
Potions
 e - a potion of curing {unknown}
 g - 2 potions of brilliance {unknown}
 i - a potion of might {unknown}
 r - a potion of mutation {unknown}
 u - a potion of heal wounds {unknown}
Comestibles
 f - a bread ration
 m - 5 fruits
 q - a royal jelly
 v - a chunk of flesh

Table legend:
 A = Turns spent in this place as a percentage of turns spent in the entire game.
 B = Non-inter-level travel turns spent in this place as a percentage of non-inter-level travel turns spent in the entire game.
 C = Inter-level travel turns spent in this place as a percentage of turns spent in this place.
 D = Turns resting spent in this place as a percentage of non-inter-level travel turns spent in this place.
 E = Turns spent auto-exploring this place as a percentage of non-inter-level travel turns spent in this place.
 F = Non-inter-level travel turns spent in this place divided by the number of levels of this place that you've seen.
                   A       B       C       D       E      F
               +-------+-------+-------+-------+-------+----------------------
         Total | 100.0 | 100.0 |   0.2 |   3.4 |   6.2 | 370.0
       Dungeon | 100.0 | 100.0 |   0.2 |   3.4 |   6.2 | 370.0
               +-------+-------+-------+-------+-------+----------------------


   Skills:
 - Level 1.1 Fighting
 - Level 1.2 Short Blades
 + Level 1.3 Armour
 - Level 2.6 Dodging
 - Level 1.1 Stealth
 + Level 6.0 Evocations


You had 4 spell levels left.
You didn't know any spells.

Dungeon Overview and Level Annotations

Branches:
Dungeon (3/15)

Altars:
Vehumet


Message History

Really fire at your water moccasin?
The puff of frost hits your water moccasin.
Your water moccasin is lightly wounded.
The water moccasin is no longer charmed.
This wand has 2 charges left.
Evoke which item? (* to show all) (? for menu, Esc to quit)
Zapping:
d - a wand of random effects (2)
Press: ? - help, Shift-Dir - straight line, f/p - water moccasin
Aim: a water moccasin (lightly wounded)
The puff of flame misses the water moccasin.
This wand has 1 charge left.
Evoke which item? (* to show all) (? for menu, Esc to quit)
Zapping:
d - a wand of random effects (1)
Press: ? - help, Shift-Dir - straight line, f/p - water moccasin
Aim: a water moccasin (lightly wounded)
The water moccasin evaporates and reforms as a raven!
This wand has 0 charges left.
Evoke which item? (* to show all) (? for menu, Esc to quit)
Zapping:
n - a wand of random effects (will waste charges)
Press: ? - help, Shift-Dir - straight line, f/p - raven
Aim: a raven The raven seems to speed up.
Evoking this partially-identified wand wasted a few charges.
Your skill with magical items lets you calculate the power of this device...
This wand has 24 charges left.
Evoke which item? (* to show all) (? for menu, Esc to quit)
Zapping:
n - a wand of random effects (24)
Press: ? - help, Shift-Dir - straight line, f/p - raven
Aim: a raven (fast, chance 71%)
The raven struggles to resist.
This wand has 23 charges left.
The raven pecks you. The raven claws you but does no damage.
The raven pecks you but does no damage. The raven claws you but does no damage.
The raven pecks you. The raven claws you.
Evoke which item? (* to show all) (? for menu, Esc to quit)
Zapping:
n - a wand of random effects (23)
Press: ? - help, Shift-Dir - straight line, f/p - raven
Aim: a raven (fast) Nothing appears to happen.
This wand has 22 charges left.
The raven pecks you. The raven claws you.
You die...

#.....####..##
#....)####.##
##.........#
#.#####...####
#....)....##.##
#.........#.#.##
#..........###.#
.........b#.#.##
.........@.#.##
.............#
#.......†.#.#########
########)##.........#
#†##########.# #(#
##†## ##...##
##..)..## #


You could see a raven.

Table legend:
 A = Kills in this place as a percentage of kills in entire the game.
 B = Kills by you in this place as a percentage of kills by you in the entire game.
 C = Kills by friends in this place as a percentage of kills by friends in the entire game.
 D = Other kills in this place as a percentage of other kills in the entire game.
 E = Experience gained in this place as a percentage of experience gained in the entire game.
 F = Experience gained in this place divided by the number of levels of this place that you have seen.
                   A       B       C       D       E      F
               +-------+-------+-------+-------+-------+----------------------
         Total | 100.0 | 100.0 | 100.0 |  -nan | 100.0 |  85.0
       Dungeon | 100.0 | 100.0 | 100.0 |  -nan | 100.0 |  85.0
               +-------+-------+-------+-------+-------+----------------------

Vanquished Creatures
  An ogre (D:3)
  Robin (D:2)
  3 adders (D:2)
  3 worms (D:2)
  An orc (D:3)
  2 ball pythons
  A giant cockroach (D:2)
  17 goblins
  11 hobgoblins
  8 jackals
  6 kobolds
  3 quokkas (D:2)
  6 bats
  2 giant newts
  4 rats
69 creatures vanquished.

Vanquished Creatures (collateral kills)
  A giant gecko (D:3)
  2 jackals (D:3)
  A rat (D:3)
4 creatures vanquished.

Grand Total: 73 creatures vanquished

Action                   |  1- 3 |  4- 6 || total
-------------------------+-------+-------++-------
Melee: Short sword       |   116 |   178 ||   294
Evoke: Wand              |    13 |    21 ||    34
  Eat: Chunk             |       |     7 ||     7

Vault maps used:
D:1:      eino_arrival_water_cross, minmay_crystal_room
D:2:      lemuel_doored_altar, uniq_robin
D:3:      first_bread
